 Dungeon Crawl Stone Soup version 0.28.0 (webtiles) character file.

Game seed: 8566582050716207234

51 browni3141 the Skirmisher (level 3, -7/34 HPs)
             Began as a Gargoyle Berserker on Feb 16, 2022.
             Was a Believer of Trog.
             Mangled by a gnoll (8 damage)
             ... on level 3 of the Dungeon.
             The game lasted 00:01:10 (2325 turns).

browni3141 the Skirmisher (Gargoyle Berserker)      Turns: 2325, Time: 00:01:11

Health: -7/34      AC: 15    Str: 20    XL:     3   Next: 81%
Magic:  3/3        EV:  8    Int:  7    God:    Trog [**....]
Gold:   64         SH:  0    Dex: 11    Spells: 2/2 levels left

rFire   + . .      SeeInvis .   a - +0 hand axe
rCold   . . .      Faith    .   (no shield)
rNeg    + . .      Spirit   .   f - +2 chain mail {rF+}
rPois   ∞          Reflect  .   (no helmet)
rElec   +          Harm     .   (no cloak)
rCorr   .          Rampage  .   (no gloves)
Will    .....                   c - +0 pair of boots
Stlth   ..........              (no amulet)
HPRegen 0.11/turn               (no ring)
MPRegen 0.08/turn               (no ring)

@: berserking, very quick
A: sickness immunity, AC +3, negative energy resistance 1, electricity
resistance, torment resistance 1, petrification resistance
a: Renounce Religion, Berserk, Trog's Hand


You were on level 3 of the Dungeon.
You worshipped Trog.
Trog was pleased with you.
You visited 1 branch of the dungeon, and saw 3 of its levels.

You collected 64 gold pieces.

Inventory:

Hand Weapons
 a - a +0 hand axe (weapon)
Armour
 b - a +0 animal skin
 c - a +0 pair of boots (worn)
 d - a +0 tower shield
 f - a +2 chain mail of fire resistance (worn)
Scrolls
 e - 2 scrolls of vulnerability {unknown}
 i - a scroll of blinking {unknown}
 l - a scroll of fog {unknown}
Potions
 g - a potion of heal wounds {unknown}
 h - a potion of curing {unknown}
 j - a potion of flight {unknown}
 k - a potion of cancellation {unknown}


   Skills:
 - Level 3.5 Fighting
 + Level 3.1 Axes
 - Level 2.5 Armour
 - Level 1.8 Dodging
 - Level 1.0 Stealth
 + Level 1.8 Shields


You had 2 spell levels left.
You didn't know any spells.
Your spell library was empty.

Dungeon Overview and Level Annotations

Branches:
Dungeon (3/15)

Altars:

Shops:
D:2 [


Innate Abilities, Weirdness & Mutations

You are immune to sickness and miasma.
Your stone body is resilient. (AC +3)
You are immune to poison.
You resist negative energy. (rN+)
You are resistant to electric shocks. (rElec)
You are resistant to unholy torment.
You are immune to petrification.


Message History

You hit the bat.
The bat is severely wounded.
The bat hits you but does no damage.
A bat is nearby!
You barely miss the bat.
The bat is severely wounded.
The bat misses you. The bat hits you but does no damage.
A bat is nearby!
The bat hits you but does no damage. x2
You hit the bat.
You kill the bat!
Trog accepts your kill.
A gnoll comes into view. It is wielding a +0 whip.
Found a hand axe.
The gnoll shouts!
You hear a shout!
A gnoll comes into view. It is wielding a +0 halberd.
You hear a shout!
There are monsters nearby!
A gnoll comes into view. It is wielding a +0 flail.
The gnoll shouts!
A gnoll comes into view. It is wielding a +0 halberd.
The gnoll hits you but does no damage.
There are monsters nearby!
You barely miss the gnoll. You punch the gnoll.
The gnoll is lightly wounded.
The gnoll hits you with a +0 whip. The gnoll closely misses you.
There are monsters nearby!
There are monsters nearby!
You barely miss the gnoll.
The gnoll is lightly wounded.
The gnoll hits you from afar with a +0 halberd! x2
* * * LOW HITPOINT WARNING * * *
The gnoll closely misses you. The gnoll hits you but does no damage.
A red film seems to cover your vision as you go berserk!
You feel yourself moving faster!
You feel mighty!
The gnoll hits you from afar with a +0 halberd!
* * * LOW HITPOINT WARNING * * *
The gnoll hits you but does no damage.
The gnoll hits you from afar with a +0 halberd!
You die...

.## #.# .####.# #
......# #. #.# .######
#. .#.# .# ### #. ...#
.###.## #. .?. .##.#.###
#.####.# ...###..#
#...g..##### ..## ##.#
#..@gg)....
#..###..######.###g.....
#.#.#.[........# .....
#.##.##.######## ....
#.#####.# ... #.......#
## #########


You could see 4 gnolls.

Vanquished Creatures
  An adder (D:2)
  An endoplasm (D:2)
  2 hobgoblins
  3 jackals (D:2)
  11 kobolds
  4 ball pythons
  4 bats
  5 frilled lizards
  6 goblins
  5 rats
42 creatures vanquished.

Notes
Turn   | Place    | Note
-------+----------+-------------------------------------------
     0 | D:1      | browni3141 the Gargoyle Berserker began the quest for the
                  | Orb.
     0 | D:1      | Reached XP level 1. HP: 14/14 MP: 1/1
   330 | D:1      | Reached XP level 2. HP: 19/19 MP: 2/2
   481 | D:1      | Found a faded altar of an unknown god.
  1051 | D:1      | Reached skill level 1 in Stealth
  1055 | D:1      | Reached skill level 1 in Shields
  1098 | D:1      | Reached XP level 3. HP: 23/23 MP: 3/3
  1120 | D:1      | Reached ** piety under Trog
  2087 | D:2      | Found Vetixtuokh's Antique Armour Shop.
  2325 | D:3      | HP: 1/34 [gnoll (8)]
  2325 | D:3      | Mangled by a gnoll

Illustrated notes

Levels and vault maps discovered:
D:1:      lightli_arrival_statuegarden, layout_loops_cross,
          shapermc_ecumenical_altar_notcrosses
D:2:      layout_loops_ring, serial_shops, shop_fountains
D:3:      layout_loops_cross, led_xom_imps

Skill      XL: |  1  2  3 |
---------------+----------+-----
Stealth        | 1 |  1.0
Shields        | 1 |  1.8
Axes           | 3 |  3.1
Fighting       | |  3.5
Armour         | |  2.5
Dodging        | |  1.8

Action                   || total
-------------------------++-------
Melee: Hand axe          ||   129
       Punch             ||     1
Invok: Berserk           ||     1
 Stab: Sleeping          ||     1
Armor: Animal skin       ||    45
       Chain mail        ||    22
Dodge: Dodged            ||    69
